ANAHEIM Ducks vs LOS ANGELES Kings

Created - 22 mars 2019 at 16:06

Goals
1 2 3 T
ANAHEIM Ducks 1 1 1 3
LOS ANGELES Kings 3 2 0 5
Shots
1 2 3 T
ANAHEIM Ducks 10 14 6 30
LOS ANGELES Kings 12 19 11 42

1st period

1. LOS ANGELES Kings , Jonathan Huberdeau 18 (Drew Doughty 43, Nick Bonino 27) at 9:07
2. LOS ANGELES Kings , Nick Bonino 18 (Karl Alzner 19) at 15:45
3. LOS ANGELES Kings , Mitchell Marner 15 (Jonathan Huberdeau 31, Drew Doughty 44) at 17:18
4. ANAHEIM Ducks , Mikko Rantanen 19 (Alexander Edler 43, Jared Spurgeon 35) at 19:20

Penalties :
No Penalty

2nd period

5. LOS ANGELES Kings , Anze Kopitar 40 (Mark Stone 42, Jonathan Quick) at 3:02 (PP)
6. LOS ANGELES Kings , Jakob Silfverberg 22 (Drew Doughty 45, Anze Kopitar 58) at 15:37 (PP)
7. ANAHEIM Ducks , Paul Byron 18 (Alexander Edler 44, Jared Spurgeon 36) at 19:18

Penalties :
Vladimir Tarasenko (ANA) for Charging (Minor) at 1:44, Drew Doughty (LAK) for Interference (Minor) at 9:19, Seth Jones (ANA) for Cross-checking (Minor) at 15:13

3rd period

8. ANAHEIM Ducks , Seth Jones 14 (Justin Williams 12, Paul Byron 25) at 9:05

Penalties :
No Penalty

Goalie Stats

Cam Talbot (ANA), 37 saves from 42 shots - (0,881), L, 47-23-5, 60:00 minutes
Jonathan Quick (LAK), 27 saves from 30 shots - (0,900), W, 43-15-2, 60:00 minutes

Players Stats for ANAHEIM Ducks

Player Name              G  A  P  +/- PIM S  H  SB GA TA FO     MP     PP MP  PK MP  
------------------------------------------------------------------------------------
Alexander Edler          0  2  2   2  0   2  1  1  0  0  0/0    18:53   0:43   1:12 
Dougie Hamilton          0  0  0  -2  0   2  0  0  0  0  0/0    15:03   0:00   0:00 
Filip Forsberg           0  0  0  -2  0   2  0  0  0  0  0/2    18:59   1:12   1:00 
Jack Johnson             0  0  0  -2  0   0  1  1  0  0  0/0    15:03   0:00   0:00 
Jared Spurgeon           0  2  2   2  0   0  1  2  0  0  0/0    18:53   0:43   1:12 
Jesper Fast              0  0  0  -1  0   2  3  0  0  0  0/0    11:21   0:00   0:00 
Joe Thornton             0  0  0   1  0   4  2  0  0  0  13/28  18:55   0:47   0:00 
John Carlson             0  0  0   0  0   0  1  2  0  0  0/0    26:04   1:16   0:30 
Justin Williams          0  1  1   2  0   0  1  0  0  0  0/0    11:02   0:00   0:00 
Mathew Barzal            0  0  0  -1  0   2  0  0  0  0  3/19   11:21   0:00   0:00 
Matt Cullen              0  0  0  -1  0   0  0  0  0  0  0/1    12:07   0:00   0:46 
Mikael Granlund          0  0  0   0  0   0  0  0  0  0  0/0     2:12   0:00   0:00 
Mikko Rantanen           1  0  1   1  0   2  1  0  0  0  0/1    18:55   0:47   0:00 
Paul Byron               1  1  2   2  0   4  3  0  0  0  2/3    18:57   0:47   0:56 
Seth Jones               1  0  1   0  2   4  1  0  0  0  0/0    26:03   1:16   0:30 
Tyler Seguin             0  0  0  -1  0   1  1  0  0  0  9/27   25:45   1:12   0:00 
Tyler Toffoli            0  0  0   2  0   1  1  0  0  0  7/18   11:44   0:00   0:42 
Vladimir Tarasenko       0  0  0  -2  2   4  1  0  0  0  0/2    16:59   1:12   0:00 

Players Stats for LOS ANGELES Kings

Player Name              G  A  P  +/- PIM S  H  SB GA TA FO     MP     PP MP  PK MP  
------------------------------------------------------------------------------------
Alex Chiasson            0  0  0   0  0   0  0  0  0  0  0/0     3:08   0:00   0:00 
Anze Kopitar             1  1  2  -1  0   6  2  0  0  0  25/37  25:30   0:46   0:00 
Chris Wagner             0  0  0  -1  0   1  2  0  0  0  2/2    14:09   0:00   0:00 
Danny DeKeyser           0  0  0   0  0   0  1  2  0  0  0/0    22:46   0:00   1:12 
Drew Doughty             0  3  3   0  2   3  2  1  0  0  0/0    26:53   0:46   0:00 
Jakob Silfverberg        1  0  1  -1  0   4  1  0  0  0  0/2    22:32   0:46   0:10 
Johnny Oduya             0  0  0   1  0   1  0  0  0  0  0/0    14:45   0:56   1:12 
Jonathan Huberdeau       1  1  2   2  0   4  0  0  0  0  2/2    18:22   0:56   0:00 
Karl Alzner              0  1  1   1  0   2  0  2  0  0  0/0    17:58   0:00   0:47 
Kyle Brodziak            0  0  0  -1  0   1  2  0  0  0  11/17  14:19   0:00   0:10 
Mark Stone               0  1  1  -1  0   6  4  0  0  0  2/3    24:11   0:46   1:49 
Michael Cammalleri       0  0  0  -1  0   3  0  0  0  0  1/1    14:09   0:00   0:00 
Mitchell Marner          1  0  1   2  0   5  2  0  0  0  1/1    18:22   0:56   0:00 
Nick Bonino              1  1  2   2  0   1  1  0  0  0  22/35  20:11   0:56   1:49 
Oliver Ekman-Larsson     0  0  0  -1  0   1  2  2  0  0  0/0    18:20   0:46   0:00 
Scottie Upshall          0  0  0   0  0   1  0  0  0  0  1/1     3:08   0:00   0:00 
Stephen Johns            0  0  0  -1  0   3  1  0  0  0  0/0    19:17   0:56   0:47 
Tim Schaller             0  0  0   0  0   0  0  0  0  0  0/0     0:00   0:00   0:00 

3 Stars

1 - Nick Bonino (LAK)
2 - Jonathan Huberdeau (LAK)
3 - Paul Byron (ANA)

Power Play

ANAHEIM Ducks - 0 on 1 Attempt(s) - 0,00%
LOS ANGELES Kings - 2 on 2 Attempt(s) - 100,00%

Penalty Kill

ANAHEIM Ducks - 0 on 2 Attempt(s) - 0,00% - Score 0 goal in Penalty Kill
LOS ANGELES Kings - 1 on 1 Attempt(s) - 100,00% - Score 0 goal in Penalty Kill

Team Stat

ANAHEIM Ducks - Hits : 18 - Faceoff Wins : 34 - Blocked Shots : 6 - Penalty Minutes : 4
LOS ANGELES Kings - Hits : 20 - Faceoff Wins : 67 - Blocked Shots : 7 - Penalty Minutes : 2

Official

Referees : Unknown
Linesman : Unknown

Game Notes

Mikael Granlund is injured at 8:01 of 1st period (Strained Left Elbow)

Finance

Level 1 -- Attendance: 5926 (84,66%) -- Ticket Income 580 748 $
Level 2 -- Attendance: 4494 (89,88%) -- Ticket Income 269 640 $
Level 3 -- Attendance: 2216 (88,64%) -- Ticket Income 77 560 $
Level 4 -- Attendance: 4965 (99,30%) -- Ticket Income 99 300 $
Luxury Box -- Attendance: 806 (80,60%) -- Ticket Income 161 200 $
Game was played at the Staples Center.
Total Attendance: 18407 (89,79%)
Total Ticket Income: 1 188 448 $
Other Income: 463 495 $
Total Income: 1 651 943 $

ANAHEIM Ducks

5 vs 5 Forward 
   Center                   Left Wing                Right Wing               Time % Phy DF OF 
 1 Tyler Seguin             Filip Forsberg           Vladimir Tarasenko       40     1   2  2  
 2 Joe Thornton             Mikko Rantanen           Mikael Granlund          30     1   2  2  
 3 Tyler Toffoli            Paul Byron               Justin Williams          20     1   2  2  
 4 Mathew Barzal            Matt Cullen              Jesper Fast              10     1   2  2  

5 vs 5 Defense 
   Defense                  Defense                                           Time % Phy DF OF 
 1 Seth Jones               John Carlson                                      40     1   2  2  
 2 Jared Spurgeon           Alexander Edler                                   30     1   2  2  
 3 Dougie Hamilton          Jack Johnson                                      20     1   2  2  
 4 Seth Jones               John Carlson                                      10     1   2  2  

PowerPlay Forward 
   Center                   Left Wing                Right Wing               Time % Phy DF OF 
 1 Tyler Seguin             Filip Forsberg           Vladimir Tarasenko       60     1   2  2  
 2 Joe Thornton             Mikko Rantanen           Mikael Granlund          40     1   2  2  

PowerPlay Defense
   Defense                  Defense                                           Time % Phy DF OF 
 1 Seth Jones               John Carlson                                      60     1   2  2  
 2 Jared Spurgeon           Alexander Edler                                   40     1   2  2  

Penalty Kill 4 Players Forward 
   Center                   Wing                     Time % Phy DF OF 
 1 Mikael Granlund          Paul Byron               60     1   2  2  
 2 Filip Forsberg           Jesper Fast              40     1   2  2  

Penalty Kill 4 Players Defense
   Defense                  Defense                  Time % Phy DF OF 
 1 Seth Jones               John Carlson             60     1   2  2  
 2 Jared Spurgeon           Alexander Edler          40     1   2  2  

Penalty Kill - 3 Players Forward 
   Forward                                           Time % Phy DF OF 
 1 Mikael Granlund                                   60     1   2  2  
 2 Tyler Seguin                                      40     1   2  2  

Penalty Kill - 3 Players Defense
   Defense                  Defense                  Time % Phy DF OF 
 1 Seth Jones               John Carlson             60     1   2  2  
 2 Jared Spurgeon           Alexander Edler          40     1   2  2  

4 vs 4 Forward 
   Center                   Wing                     Time % Phy DF OF 
 1 Tyler Seguin             Vladimir Tarasenko       60     1   2  2  
 2 Mikael Granlund          Filip Forsberg           40     1   2  2  

4 vs 4 Defense
   Defense                  Defense                  Time % Phy DF OF 
 1 Seth Jones               John Carlson             60     1   2  2  
 2 Jared Spurgeon           Alexander Edler          40     1   2  2  

Last Minutes Offensive
   Center                   Left Wing                Right Wing               Defense                  Defense                  
   Tyler Seguin             Filip Forsberg           Vladimir Tarasenko       Seth Jones               John Carlson             

Last Minutes Defensive
   Center                   Left Wing                Right Wing               Defense                  Defense                  
   Tyler Seguin             Filip Forsberg           Vladimir Tarasenko       Seth Jones               John Carlson             

Goaltenders
Starting : Cam Talbot               
Backup : J-F Berube               

Extra Forwards
Normal : Tyler Seguin, Paul Byron, Tyler Toffoli - PP : Mikael Granlund, Paul Byron - PK : Tyler Toffoli
Extra Defensemen
Normal : Dougie Hamilton, Seth Jones, Jared Spurgeon - PP : Dougie Hamilton - PK : John Carlson, Jared Spurgeon
Penalty Shots
Vladimir Tarasenko, Tyler Seguin, Filip Forsberg, Mikael Granlund, Dougie Hamilton

LOS ANGELES Kings

5 vs 5 Forward 
   Center                   Left Wing                Right Wing               Time % Phy DF OF 
 1 Anze Kopitar             Jakob Silfverberg        Mark Stone               41     1   2  2  
 2 Nick Bonino              Jonathan Huberdeau       Mitchell Marner          31     1   2  2  
 3 Kyle Brodziak            Michael Cammalleri       Chris Wagner             20     1   2  2  
 4 Anze Kopitar             Scottie Upshall          Alex Chiasson            8      1   2  2  

5 vs 5 Defense 
   Defense                  Defense                                           Time % Phy DF OF 
 1 Drew Doughty             Danny DeKeyser                                    40     1   2  2  
 2 Stephen Johns            Oliver Ekman-Larsson                              30     1   2  2  
 3 Johnny Oduya             Karl Alzner                                       20     1   2  2  
 4 Drew Doughty             Karl Alzner                                       10     1   2  2  

PowerPlay Forward 
   Center                   Left Wing                Right Wing               Time % Phy DF OF 
 1 Anze Kopitar             Jakob Silfverberg        Mark Stone               60     1   2  2  
 2 Nick Bonino              Jonathan Huberdeau       Mitchell Marner          40     1   2  2  

PowerPlay Defense
   Defense                  Defense                                           Time % Phy DF OF 
 1 Drew Doughty             Oliver Ekman-Larsson                              60     1   2  2  
 2 Stephen Johns            Johnny Oduya                                      40     1   2  2  

Penalty Kill 4 Players Forward 
   Center                   Wing                     Time % Phy DF OF 
 1 Nick Bonino              Mark Stone               60     1   2  2  
 2 Kyle Brodziak            Jakob Silfverberg        40     1   2  2  

Penalty Kill 4 Players Defense
   Defense                  Defense                  Time % Phy DF OF 
 1 Drew Doughty             Danny DeKeyser           60     1   2  2  
 2 Stephen Johns            Karl Alzner              40     1   2  2  

Penalty Kill - 3 Players Forward 
   Forward                                           Time % Phy DF OF 
 1 Anze Kopitar                                      60     1   2  2  
 2 Nick Bonino                                       40     1   2  2  

Penalty Kill - 3 Players Defense
   Defense                  Defense                  Time % Phy DF OF 
 1 Johnny Oduya             Danny DeKeyser           60     1   2  2  
 2 Stephen Johns            Karl Alzner              40     1   2  2  

4 vs 4 Forward 
   Center                   Wing                     Time % Phy DF OF 
 1 Anze Kopitar             Mark Stone               60     1   2  2  
 2 Nick Bonino              Mitchell Marner          40     1   2  2  

4 vs 4 Defense
   Defense                  Defense                  Time % Phy DF OF 
 1 Drew Doughty             Oliver Ekman-Larsson     60     1   2  2  
 2 Stephen Johns            Danny DeKeyser           40     1   2  2  

Last Minutes Offensive
   Center                   Left Wing                Right Wing               Defense                  Defense                  
   Anze Kopitar             Jonathan Huberdeau       Mark Stone               Drew Doughty             Oliver Ekman-Larsson     

Last Minutes Defensive
   Center                   Left Wing                Right Wing               Defense                  Defense                  
   Anze Kopitar             Nick Bonino              Jakob Silfverberg        Drew Doughty             Danny DeKeyser           

Goaltenders
Starting : Jonathan Quick           
Backup : Al Montoya               

Extra Forwards
Normal : Nick Bonino, Mark Stone, Mitchell Marner - PP : Jonathan Huberdeau, Mark Stone - PK : Jakob Silfverberg
Extra Defensemen
Normal : Danny DeKeyser, Oliver Ekman-Larsson, Karl Alzner - PP : Johnny Oduya - PK : Johnny Oduya, Karl Alzner
Penalty Shots
Jonathan Huberdeau, Anze Kopitar, Mark Stone, Jakob Silfverberg, Mitchell Marner


% Time on Ice - ANAHEIM Ducks

Lines # - Real PCT - Wanted PCT - Time Play
Normal Forward
1 - 28% - 40% - 15:48
2 - 32% - 30% - 18:08
3 - 20% - 20% - 11:02
4 - 20% - 10% - 11:21
Normal Defense
1 - 36% - 40% - 20:23
2 - 30% - 30% - 16:58
3 - 27% - 20% - 15:03
4 - 7% - 10% - 3:55
PP Forward
1 - 61% - 60% - 1:12
2 - 39% - 40% - 0:47
PP Defense
1 - 64% - 60% - 1:16
2 - 36% - 40% - 0:43
PK Forward
1 - 100% - 60% - 1:42
2 - 0% - 40% - 0:00
PK Defense
1 - 29% - 60% - 0:30
2 - 71% - 40% - 1:12
PK3 Forward
1 - 0% - 60%
2 - 0% - 40%
PK3 Defense
1 - 0% - 60%
2 - 0% - 40%
44 Forward
1 - 0% - 60%
2 - 0% - 40%
44 Defense
1 - 0% - 60%
2 - 0% - 40%
Last Minute Offensive  - 0:00
Last Minute Defensive  - 0:00
Total
Forward - 60:00
Defense - 60:00

% Time on Ice - LOS ANGELES Kings

Lines # - Real PCT - Wanted PCT - Time Play
Normal Forward
1 - 38% - 41% - 21:36
2 - 31% - 31% - 17:26
3 - 25% - 20% - 14:09
4 - 6% - 8% - 3:08
Normal Defense
1 - 38% - 40% - 21:34
2 - 31% - 30% - 17:34
3 - 22% - 20% - 12:37
4 - 8% - 10% - 4:34
PP Forward
1 - 45% - 60% - 0:46
2 - 55% - 40% - 0:56
PP Defense
1 - 45% - 60% - 0:46
2 - 55% - 40% - 0:56
PK Forward
1 - 92% - 60% - 1:49
2 - 8% - 40% - 0:10
PK Defense
1 - 61% - 60% - 1:12
2 - 39% - 40% - 0:47
PK3 Forward
1 - 0% - 60%
2 - 0% - 40%
PK3 Defense
1 - 0% - 60%
2 - 0% - 40%
44 Forward
1 - 0% - 60%
2 - 0% - 40%
44 Defense
1 - 0% - 60%
2 - 0% - 40%
Last Minute Offensive  - 0:00
Last Minute Defensive  - 0:00
Total
Forward - 60:00
Defense - 60:00

Play-by-Play

1st period


0:01 of 1st period - Anze Kopitar wins face-off versus Tyler Seguin in neutral zone.
0:04 of 1st period - Shot by Mark Stone.
0:04 of 1st period - Stopped by Cam Talbot without a rebound.
0:05 of 1st period - Joe Thornton wins face-off versus Nick Bonino in ANAHEIM Ducks zone.
0:29 of 1st period - Shot by Mitchell Marner.
0:29 of 1st period - Shot Misses the Net.
0:41 of 1st period - Shot by Mitchell Marner.
0:41 of 1st period - Shot Misses the Net.
1:04 of 1st period - Off-side.
1:05 of 1st period - Anze Kopitar wins face-off versus Tyler Seguin in neutral zone.
1:21 of 1st period - Shot by Mark Stone.
1:21 of 1st period - Shot Blocked by John Carlson.
1:23 of 1st period - Shot by Jakob Silfverberg.
1:23 of 1st period - Stopped by Cam Talbot without a rebound.
1:24 of 1st period - Tyler Toffoli wins face-off versus Kyle Brodziak in ANAHEIM Ducks zone.
1:45 of 1st period - Shot by Johnny Oduya.
1:45 of 1st period - Stopped by Cam Talbot without a rebound.
1:46 of 1st period - Mark Stone wins face-off versus Tyler Seguin in ANAHEIM Ducks zone.
2:15 of 1st period - Shot by Anze Kopitar.
2:15 of 1st period - Shot Misses the Net.
3:08 of 1st period - Shot by Mathew Barzal.
3:08 of 1st period - Stopped by Jonathan Quick without a rebound.
3:09 of 1st period - Nick Bonino wins face-off versus Tyler Toffoli in LOS ANGELES Kings zone.
3:41 of 1st period - Icing by Jonathan Huberdeau.
3:42 of 1st period - Joe Thornton wins face-off versus Nick Bonino in LOS ANGELES Kings zone.
3:48 of 1st period - Jonathan Huberdeau is hit by Jack Johnson.
4:29 of 1st period - Icing by Karl Alzner.
4:30 of 1st period - Tyler Seguin wins face-off versus Kyle Brodziak in LOS ANGELES Kings zone.
4:37 of 1st period - Shot by Vladimir Tarasenko.
4:37 of 1st period - Shot Blocked by Karl Alzner.
4:44 of 1st period - Shot by Kyle Brodziak.
4:44 of 1st period - Shot Misses the Net.
5:58 of 1st period - Shot by Alexander Edler.
5:58 of 1st period - Stopped by Jonathan Quick without a rebound.
5:59 of 1st period - Nick Bonino wins face-off versus Tyler Toffoli in LOS ANGELES Kings zone.
6:04 of 1st period - Shot by Oliver Ekman-Larsson.
6:04 of 1st period - Shot Misses the Net.
8:00 of 1st period - Mikael Granlund is hit by Chris Wagner and loses puck.
8:01 of 1st period - Mikael Granlund from ANAHEIM Ducks is injured at 8:01 of 1st period (Strained Left Elbow).
8:02 of 1st period - Anze Kopitar wins face-off versus Mathew Barzal in ANAHEIM Ducks zone.
8:03 of 1st period - Shot by Mark Stone.
8:03 of 1st period - Stopped by Cam Talbot without a rebound.
8:04 of 1st period - Tyler Toffoli wins face-off versus Anze Kopitar in ANAHEIM Ducks zone.
8:14 of 1st period - Shot by Paul Byron.
8:14 of 1st period - Shot Misses the Net.
8:16 of 1st period - Shot by Dougie Hamilton.
8:16 of 1st period - Stopped by Jonathan Quick without a rebound.
8:17 of 1st period - Anze Kopitar wins face-off versus Joe Thornton in LOS ANGELES Kings zone.
8:42 of 1st period - Icing by Anze Kopitar.
8:43 of 1st period - Anze Kopitar wins face-off versus Mathew Barzal in LOS ANGELES Kings zone.
8:43 of 1st period - Anze Kopitar is hit by Jesper Fast.
9:03 of 1st period - Shot by Scottie Upshall.
9:03 of 1st period - Stopped by Cam Talbot without a rebound.
9:04 of 1st period - Nick Bonino wins face-off versus Tyler Seguin in ANAHEIM Ducks zone.
9:07 of 1st period - Shot by Jonathan Huberdeau.
9:07 of 1st period - Goal by Jonathan Huberdeau - ANAHEIM Ducks : 0 - LOS ANGELES Kings : 1.
9:08 of 1st period - Nick Bonino wins face-off versus Tyler Seguin in neutral zone.
9:13 of 1st period - Shot by Mitchell Marner.
9:13 of 1st period - Shot Misses the Net.
9:36 of 1st period - Icing by Seth Jones.
9:37 of 1st period - Mark Stone wins face-off versus Tyler Seguin in ANAHEIM Ducks zone.
9:44 of 1st period - Shot by Anze Kopitar.
9:44 of 1st period - Stopped by Cam Talbot with a rebound.
11:05 of 1st period - Jesper Fast is hit by Chris Wagner.
11:08 of 1st period - Icing by Matt Cullen.
11:09 of 1st period - Nick Bonino wins face-off versus Mathew Barzal in ANAHEIM Ducks zone.
11:10 of 1st period - Shot by Mitchell Marner.
11:10 of 1st period - Stopped by Cam Talbot without a rebound.
11:11 of 1st period - Nick Bonino wins face-off versus Mathew Barzal in ANAHEIM Ducks zone.
11:55 of 1st period - Shot by Mitchell Marner.
11:55 of 1st period - Stopped by Cam Talbot without a rebound.
11:56 of 1st period - Anze Kopitar wins face-off versus Vladimir Tarasenko in ANAHEIM Ducks zone.
12:31 of 1st period - Shot by Vladimir Tarasenko.
12:31 of 1st period - Deflect By Tyler Seguin.
12:31 of 1st period - Stopped by Jonathan Quick without a rebound.
12:32 of 1st period - Tyler Toffoli wins face-off versus Kyle Brodziak in LOS ANGELES Kings zone.
12:38 of 1st period - Tyler Toffoli is hit by Oliver Ekman-Larsson and loses puck.
12:44 of 1st period - Icing by Stephen Johns.
12:45 of 1st period - Joe Thornton wins face-off versus Kyle Brodziak in LOS ANGELES Kings zone.
13:20 of 1st period - Shot by Mikko Rantanen.
13:20 of 1st period - Shot Misses the Net.
13:22 of 1st period - Shot by John Carlson.
13:22 of 1st period - Shot Blocked by Oliver Ekman-Larsson.
13:35 of 1st period - Icing by Stephen Johns.
13:36 of 1st period - Chris Wagner wins face-off versus Tyler Toffoli in LOS ANGELES Kings zone.
13:36 of 1st period - Chris Wagner is hit by Paul Byron.
13:49 of 1st period - Off-side.
13:50 of 1st period - Anze Kopitar wins face-off versus Mathew Barzal in neutral zone.
13:54 of 1st period - Drew Doughty is hit by Jared Spurgeon and loses puck.
14:09 of 1st period - Shot by Jesper Fast.
14:09 of 1st period - Shot Misses the Net.
14:11 of 1st period - Shot by Jesper Fast.
14:11 of 1st period - Stopped by Jonathan Quick without a rebound.
14:12 of 1st period - Nick Bonino wins face-off versus Tyler Toffoli in LOS ANGELES Kings zone.
14:12 of 1st period - Nick Bonino is hit by Justin Williams.
14:27 of 1st period - Icing by Justin Williams.
14:28 of 1st period - Tyler Toffoli wins face-off versus Anze Kopitar in ANAHEIM Ducks zone.
14:28 of 1st period - Tyler Toffoli is hit by Jakob Silfverberg.
15:43 of 1st period - Shot by Nick Bonino.
15:43 of 1st period - Shot Misses the Net.
15:45 of 1st period - Shot by Nick Bonino.
15:45 of 1st period - Goal by Nick Bonino - ANAHEIM Ducks : 0 - LOS ANGELES Kings : 2.
15:46 of 1st period - Joe Thornton wins face-off versus Kyle Brodziak in neutral zone.
15:55 of 1st period - Shot by Mikko Rantanen.
15:55 of 1st period - Shot Misses the Net.
16:11 of 1st period - Shot by Joe Thornton.
16:11 of 1st period - Stopped by Jonathan Quick with a rebound.
16:13 of 1st period - Shot by Mikko Rantanen.
16:13 of 1st period - Shot Misses the Net.
16:36 of 1st period - Icing by Jared Spurgeon.
16:37 of 1st period - Joe Thornton wins face-off versus Anze Kopitar in ANAHEIM Ducks zone.
17:05 of 1st period - Shot by Tyler Toffoli.
17:05 of 1st period - Shot Misses the Net.
17:07 of 1st period - Shot by Seth Jones.
17:07 of 1st period - Stopped by Jonathan Quick without a rebound.
17:08 of 1st period - Nick Bonino wins face-off versus Mathew Barzal in LOS ANGELES Kings zone.
17:08 of 1st period - Nick Bonino is hit by Jesper Fast.
17:18 of 1st period - Shot by Jonathan Huberdeau.
17:18 of 1st period - Deflect By Mitchell Marner.
17:18 of 1st period - The goal is going for a video replay.
17:18 of 1st period - The goal is good.
17:18 of 1st period - Goal by Mitchell Marner - ANAHEIM Ducks : 0 - LOS ANGELES Kings : 3.
17:19 of 1st period - Anze Kopitar wins face-off versus Tyler Toffoli in neutral zone.
17:34 of 1st period - Shot by Paul Byron.
17:34 of 1st period - Stopped by Jonathan Quick without a rebound.
17:35 of 1st period - Joe Thornton wins face-off versus Nick Bonino in LOS ANGELES Kings zone.
17:46 of 1st period - Shot by Joe Thornton.
17:46 of 1st period - Stopped by Jonathan Quick without a rebound.
17:47 of 1st period - Anze Kopitar wins face-off versus Tyler Toffoli in LOS ANGELES Kings zone.
17:47 of 1st period - Anze Kopitar is hit by Paul Byron.
18:43 of 1st period - Shot by Mitchell Marner.
18:43 of 1st period - Shot Blocked by John Carlson.
18:51 of 1st period - Shot by Jonathan Huberdeau.
18:51 of 1st period - Stopped by Cam Talbot without a rebound.
18:52 of 1st period - Kyle Brodziak wins face-off versus Tyler Seguin in ANAHEIM Ducks zone.
19:03 of 1st period - Icing by Kyle Brodziak.
19:04 of 1st period - Kyle Brodziak wins face-off versus Joe Thornton in LOS ANGELES Kings zone.
19:20 of 1st period - Shot by Mikko Rantanen.
19:20 of 1st period - Goal by Mikko Rantanen - ANAHEIM Ducks : 1 - LOS ANGELES Kings : 3.
19:21 of 1st period - Mathew Barzal wins face-off versus Jakob Silfverberg in neutral zone.
19:21 of 1st period - Dougie Hamilton is hit by Anze Kopitar and loses puck.
Goals for this period are 1 for ANAHEIM Ducks vs 3 for LOS ANGELES Kings.
Shots for this period are 10 for ANAHEIM Ducks vs 12 for LOS ANGELES Kings.

2nd period


0:01 of 2nd period - Anze Kopitar wins face-off versus Tyler Seguin in neutral zone.
0:11 of 2nd period - Filip Forsberg is hit by Drew Doughty.
0:33 of 2nd period - Shot by Tyler Seguin.
0:33 of 2nd period - Shot Blocked by Danny DeKeyser.
0:37 of 2nd period - Shot by Seth Jones.
0:37 of 2nd period - Stopped by Jonathan Quick without a rebound.
0:38 of 2nd period - Joe Thornton wins face-off versus Nick Bonino in LOS ANGELES Kings zone.
0:45 of 2nd period - Shot by Jared Spurgeon.
0:45 of 2nd period - Shot Misses the Net.
0:51 of 2nd period - Shot by Paul Byron.
0:51 of 2nd period - Deflect By Mikko Rantanen.
0:51 of 2nd period - Shot Misses the Net.
1:01 of 2nd period - Shot by Paul Byron.
1:01 of 2nd period - Stopped by Jonathan Quick without a rebound.
1:02 of 2nd period - Kyle Brodziak wins face-off versus Mathew Barzal in LOS ANGELES Kings zone.
1:09 of 2nd period - Shot by Oliver Ekman-Larsson.
1:09 of 2nd period - Stopped by Cam Talbot without a rebound.
1:10 of 2nd period - Tyler Seguin wins face-off versus Jakob Silfverberg in ANAHEIM Ducks zone.
1:23 of 2nd period - Shot by Mark Stone.
1:23 of 2nd period - Stopped by Cam Talbot with a rebound.
1:44 of 2nd period - Minor Penalty to Vladimir Tarasenko for Charging.
1:45 of 2nd period - Nick Bonino wins face-off versus Tyler Toffoli in ANAHEIM Ducks zone.
1:46 of 2nd period - Shot by Mitchell Marner.
1:46 of 2nd period - Shot Blocked by Jared Spurgeon.
3:00 of 2nd period - Shot by Anze Kopitar.
3:00 of 2nd period - Stopped by Cam Talbot with a rebound.
3:02 of 2nd period - Shot by Anze Kopitar.
3:02 of 2nd period - Goal by Anze Kopitar - ANAHEIM Ducks : 1 - LOS ANGELES Kings : 4.
3:03 of 2nd period - Michael Cammalleri wins face-off versus Joe Thornton in neutral zone.
3:03 of 2nd period - Michael Cammalleri is hit by Joe Thornton.
3:23 of 2nd period - Jack Johnson is hit by Kyle Brodziak and loses puck.
4:07 of 2nd period - Shot by Jakob Silfverberg.
4:07 of 2nd period - Shot Misses the Net.
4:56 of 2nd period - Off-side.
4:57 of 2nd period - Nick Bonino wins face-off versus Tyler Toffoli in neutral zone.
4:57 of 2nd period - Nick Bonino is hit by Tyler Toffoli.
5:16 of 2nd period - Shot by Tyler Toffoli.
5:16 of 2nd period - Stopped by Jonathan Quick without a rebound.
5:17 of 2nd period - Anze Kopitar wins face-off versus Mathew Barzal in LOS ANGELES Kings zone.
5:30 of 2nd period - Shot by Jesper Fast.
5:30 of 2nd period - Stopped by Jonathan Quick without a rebound.
5:31 of 2nd period - Nick Bonino wins face-off versus Paul Byron in LOS ANGELES Kings zone.
6:03 of 2nd period - Icing by John Carlson.
6:04 of 2nd period - Anze Kopitar wins face-off versus Tyler Toffoli in ANAHEIM Ducks zone.
6:21 of 2nd period - Seth Jones is hit by Mark Stone and loses puck.
6:34 of 2nd period - Shot by Anze Kopitar.
6:34 of 2nd period - Stopped by Cam Talbot without a rebound.
6:35 of 2nd period - Mathew Barzal wins face-off versus Nick Bonino in ANAHEIM Ducks zone.
6:37 of 2nd period - Icing by Jared Spurgeon.
6:38 of 2nd period - Nick Bonino wins face-off versus Mathew Barzal in ANAHEIM Ducks zone.
6:55 of 2nd period - Shot by Jonathan Huberdeau.
6:55 of 2nd period - Shot Misses the Net.
7:02 of 2nd period - Shot by Mitchell Marner.
7:02 of 2nd period - Shot Misses the Net.
7:04 of 2nd period - Shot by Mitchell Marner.
7:04 of 2nd period - Stopped by Cam Talbot without a rebound.
7:05 of 2nd period - Anze Kopitar wins face-off versus Tyler Seguin in ANAHEIM Ducks zone.
7:24 of 2nd period - Shot by Anze Kopitar.
7:24 of 2nd period - Deflect By Mark Stone.
7:24 of 2nd period - Shot Misses the Net.
7:33 of 2nd period - Shot by Dougie Hamilton.
7:33 of 2nd period - Shot Misses the Net.
7:35 of 2nd period - Shot by Filip Forsberg.
7:35 of 2nd period - Shot Misses the Net.
7:37 of 2nd period - Shot by Vladimir Tarasenko.
7:37 of 2nd period - Stopped by Jonathan Quick without a rebound.
7:38 of 2nd period - Nick Bonino wins face-off versus Joe Thornton in LOS ANGELES Kings zone.
8:20 of 2nd period - Shot by Karl Alzner.
8:20 of 2nd period - Stopped by Cam Talbot without a rebound.
8:21 of 2nd period - Anze Kopitar wins face-off versus Tyler Toffoli in ANAHEIM Ducks zone.
8:33 of 2nd period - Off-side.
8:34 of 2nd period - Chris Wagner wins face-off versus Mathew Barzal in neutral zone.
8:49 of 2nd period - Shot by Stephen Johns.
8:49 of 2nd period - Stopped by Cam Talbot without a rebound.
8:50 of 2nd period - Anze Kopitar wins face-off versus Joe Thornton in ANAHEIM Ducks zone.
8:50 of 2nd period - Anze Kopitar is hit by Alexander Edler.
8:52 of 2nd period - Shot by Drew Doughty.
8:52 of 2nd period - Stopped by Cam Talbot without a rebound.
8:53 of 2nd period - Joe Thornton wins face-off versus Anze Kopitar in ANAHEIM Ducks zone.
8:57 of 2nd period - John Carlson is hit by Mark Stone.
9:01 of 2nd period - Seth Jones is hit by Drew Doughty and loses puck.
9:10 of 2nd period - Shot by John Carlson.
9:10 of 2nd period - Shot Blocked by Drew Doughty.
9:19 of 2nd period - Minor Penalty to Drew Doughty for Interference.
9:20 of 2nd period - Tyler Seguin wins face-off versus Nick Bonino in LOS ANGELES Kings zone.
9:45 of 2nd period - Off-side.
9:46 of 2nd period - Nick Bonino wins face-off versus Mikko Rantanen in neutral zone.
9:52 of 2nd period - Icing by Seth Jones.
9:53 of 2nd period - Nick Bonino wins face-off versus Joe Thornton in ANAHEIM Ducks zone.
10:22 of 2nd period - Shot by Joe Thornton.
10:22 of 2nd period - Stopped by Jonathan Quick without a rebound.
10:23 of 2nd period - Tyler Seguin wins face-off versus Nick Bonino in LOS ANGELES Kings zone.
10:24 of 2nd period - Shot by Jared Spurgeon.
10:24 of 2nd period - Shot Misses the Net.
10:26 of 2nd period - Shot by Alexander Edler.
10:26 of 2nd period - Stopped by Jonathan Quick without a rebound.
10:27 of 2nd period - Nick Bonino wins face-off versus Tyler Seguin in LOS ANGELES Kings zone.
10:27 of 2nd period - Nick Bonino is hit by Tyler Seguin.
10:39 of 2nd period - Shot by Vladimir Tarasenko.
10:39 of 2nd period - Stopped by Jonathan Quick without a rebound.
10:40 of 2nd period - Joe Thornton wins face-off versus Nick Bonino in LOS ANGELES Kings zone.
10:49 of 2nd period - Shot by Seth Jones.
10:49 of 2nd period - Stopped by Jonathan Quick without a rebound.
10:50 of 2nd period - Tyler Seguin wins face-off versus Nick Bonino in LOS ANGELES Kings zone.
10:51 of 2nd period - Shot by Filip Forsberg.
10:51 of 2nd period - Stopped by Jonathan Quick without a rebound.
10:52 of 2nd period - Tyler Seguin wins face-off versus Nick Bonino in LOS ANGELES Kings zone.
11:19 of 2nd period - Shot by John Carlson.
11:19 of 2nd period - Shot Misses the Net.
11:21 of 2nd period - Shot by Mikko Rantanen.
11:21 of 2nd period - Shot Blocked by Danny DeKeyser.
12:04 of 2nd period - Shot by Mikko Rantanen.
12:04 of 2nd period - Stopped by Jonathan Quick without a rebound.
12:05 of 2nd period - Kyle Brodziak wins face-off versus Tyler Seguin in LOS ANGELES Kings zone.
12:05 of 2nd period - Oliver Ekman-Larsson is hit by Vladimir Tarasenko and loses puck.
12:26 of 2nd period - Chris Wagner is hit by Seth Jones and loses puck.
12:29 of 2nd period - Shot by Stephen Johns.
12:29 of 2nd period - Stopped by Cam Talbot with a rebound.
12:39 of 2nd period - Shot by Michael Cammalleri.
12:39 of 2nd period - Stopped by Cam Talbot without a rebound.
12:40 of 2nd period - Jonathan Huberdeau wins face-off versus Mathew Barzal in ANAHEIM Ducks zone.
12:58 of 2nd period - Shot by Dougie Hamilton.
12:58 of 2nd period - Stopped by Jonathan Quick without a rebound.
12:59 of 2nd period - Anze Kopitar wins face-off versus Joe Thornton in LOS ANGELES Kings zone.
13:15 of 2nd period - Icing by Mark Stone.
13:16 of 2nd period - Paul Byron wins face-off versus Anze Kopitar in LOS ANGELES Kings zone.
13:17 of 2nd period - Shot by John Carlson.
13:17 of 2nd period - Shot Misses the Net.
13:20 of 2nd period - Icing by Danny DeKeyser.
13:21 of 2nd period - Tyler Seguin wins face-off versus Anze Kopitar in LOS ANGELES Kings zone.
13:24 of 2nd period - Shot by Vladimir Tarasenko.
13:24 of 2nd period - Stopped by Jonathan Quick without a rebound.
13:25 of 2nd period - Tyler Seguin wins face-off versus Mark Stone in LOS ANGELES Kings zone.
13:45 of 2nd period - Icing by Drew Doughty.
13:46 of 2nd period - Anze Kopitar wins face-off versus Joe Thornton in LOS ANGELES Kings zone.
13:46 of 2nd period - Anze Kopitar is hit by Mikko Rantanen.
14:14 of 2nd period - Shot by Anze Kopitar.
14:14 of 2nd period - Shot Misses the Net.
14:16 of 2nd period - Shot by Drew Doughty.
14:16 of 2nd period - Stopped by Cam Talbot without a rebound.
14:17 of 2nd period - Tyler Toffoli wins face-off versus Nick Bonino in ANAHEIM Ducks zone.
14:17 of 2nd period - Tyler Toffoli is hit by Nick Bonino.
14:23 of 2nd period - Seth Jones is hit by Mitchell Marner and loses puck.
14:55 of 2nd period - Shot by Mitchell Marner.
14:55 of 2nd period - Shot Misses the Net.
15:13 of 2nd period - Minor Penalty to Seth Jones for Cross-checking.
15:14 of 2nd period - Anze Kopitar wins face-off versus Matt Cullen in ANAHEIM Ducks zone.
15:33 of 2nd period - Shot by Drew Doughty.
15:33 of 2nd period - Stopped by Cam Talbot with a rebound.
15:35 of 2nd period - Shot by Anze Kopitar.
15:35 of 2nd period - Shot Misses the Net.
15:37 of 2nd period - Shot by Drew Doughty.
15:37 of 2nd period - Deflect By Jakob Silfverberg.
15:37 of 2nd period - Goal by Jakob Silfverberg - ANAHEIM Ducks : 1 - LOS ANGELES Kings : 5.
15:38 of 2nd period - Kyle Brodziak wins face-off versus Joe Thornton in neutral zone.
15:38 of 2nd period - Kyle Brodziak is hit by Joe Thornton.
16:10 of 2nd period - Shot by Michael Cammalleri.
16:10 of 2nd period - Stopped by Cam Talbot without a rebound.
16:11 of 2nd period - Anze Kopitar wins face-off versus Mathew Barzal in ANAHEIM Ducks zone.
16:34 of 2nd period - Shot by Mark Stone.
16:34 of 2nd period - Stopped by Cam Talbot without a rebound.
16:35 of 2nd period - Nick Bonino wins face-off versus Filip Forsberg in ANAHEIM Ducks zone.
16:36 of 2nd period - Shot by Mitchell Marner.
16:36 of 2nd period - Deflect By Jonathan Huberdeau.
16:36 of 2nd period - Shot Misses the Net.
16:38 of 2nd period - Shot by Nick Bonino.
16:38 of 2nd period - Shot Blocked by Jared Spurgeon.
16:40 of 2nd period - Shot by Stephen Johns.
16:40 of 2nd period - Stopped by Cam Talbot without a rebound.
16:41 of 2nd period - Nick Bonino wins face-off versus Tyler Seguin in ANAHEIM Ducks zone.
17:02 of 2nd period - Shot by Jonathan Huberdeau.
17:02 of 2nd period - Stopped by Cam Talbot without a rebound.
17:03 of 2nd period - Joe Thornton wins face-off versus Anze Kopitar in ANAHEIM Ducks zone.
17:03 of 2nd period - Joe Thornton is hit by Mark Stone.
17:29 of 2nd period - Shot by Mikko Rantanen.
17:29 of 2nd period - Shot Blocked by Oliver Ekman-Larsson.
17:47 of 2nd period - Anze Kopitar is hit by John Carlson and loses puck.
18:21 of 2nd period - Icing by John Carlson.
18:22 of 2nd period - Kyle Brodziak wins face-off versus Joe Thornton in ANAHEIM Ducks zone.
19:02 of 2nd period - Shot by Chris Wagner.
19:02 of 2nd period - Deflect By Michael Cammalleri.
19:02 of 2nd period - Stopped by Cam Talbot with a rebound.
19:18 of 2nd period - Shot by Paul Byron.
19:18 of 2nd period - Goal by Paul Byron - ANAHEIM Ducks : 2 - LOS ANGELES Kings : 5.
19:19 of 2nd period - Anze Kopitar wins face-off versus Mathew Barzal in neutral zone.
19:36 of 2nd period - Matt Cullen is hit by Mark Stone and loses puck.
Goals for this period are 1 for ANAHEIM Ducks vs 2 for LOS ANGELES Kings.
Shots for this period are 14 for ANAHEIM Ducks vs 19 for LOS ANGELES Kings.

3rd period


0:01 of 3rd period - Anze Kopitar wins face-off versus Vladimir Tarasenko in neutral zone.
0:10 of 3rd period - Shot by Tyler Seguin.
0:10 of 3rd period - Shot Misses the Net.
0:30 of 3rd period - Shot by Jakob Silfverberg.
0:30 of 3rd period - Shot Misses the Net.
1:05 of 3rd period - Off-side.
1:06 of 3rd period - Nick Bonino wins face-off versus Joe Thornton in neutral zone.
2:10 of 3rd period - Icing by Danny DeKeyser.
2:11 of 3rd period - Kyle Brodziak wins face-off versus Tyler Seguin in LOS ANGELES Kings zone.
2:29 of 3rd period - Icing by Kyle Brodziak.
2:30 of 3rd period - Mathew Barzal wins face-off versus Kyle Brodziak in LOS ANGELES Kings zone.
3:30 of 3rd period - Matt Cullen is hit by Kyle Brodziak and loses puck.
4:04 of 3rd period - Icing by Oliver Ekman-Larsson.
4:05 of 3rd period - Anze Kopitar wins face-off versus Tyler Seguin in LOS ANGELES Kings zone.
4:10 of 3rd period - Shot by Vladimir Tarasenko.
4:10 of 3rd period - Stopped by Jonathan Quick without a rebound.
4:11 of 3rd period - Jonathan Huberdeau wins face-off versus Filip Forsberg in LOS ANGELES Kings zone.
4:20 of 3rd period - Shot by Tyler Seguin.
4:20 of 3rd period - Shot Misses the Net.
4:22 of 3rd period - Shot by Tyler Seguin.
4:22 of 3rd period - Shot Misses the Net.
4:24 of 3rd period - Shot by Vladimir Tarasenko.
4:24 of 3rd period - Shot Misses the Net.
4:28 of 3rd period - Shot by Tyler Seguin.
4:28 of 3rd period - Shot Blocked by Karl Alzner.
4:30 of 3rd period - Shot by Filip Forsberg.
4:30 of 3rd period - Stopped by Jonathan Quick without a rebound.
4:31 of 3rd period - Tyler Toffoli wins face-off versus Anze Kopitar in LOS ANGELES Kings zone.
4:31 of 3rd period - Justin Williams is hit by Oliver Ekman-Larsson and loses puck.
5:11 of 3rd period - Shot by Mark Stone.
5:11 of 3rd period - Shot Misses the Net.
5:29 of 3rd period - Shot by Mitchell Marner.
5:29 of 3rd period - Shot Misses the Net.
5:31 of 3rd period - Shot by Karl Alzner.
5:31 of 3rd period - Stopped by Cam Talbot without a rebound.
5:32 of 3rd period - Nick Bonino wins face-off versus Tyler Seguin in ANAHEIM Ducks zone.
6:55 of 3rd period - Icing by Drew Doughty.
6:56 of 3rd period - Kyle Brodziak wins face-off versus Joe Thornton in LOS ANGELES Kings zone.
7:13 of 3rd period - Drew Doughty is hit by Paul Byron and loses puck.
7:32 of 3rd period - Shot by Joe Thornton.
7:32 of 3rd period - Stopped by Jonathan Quick without a rebound.
7:33 of 3rd period - Anze Kopitar wins face-off versus Mathew Barzal in LOS ANGELES Kings zone.
7:52 of 3rd period - Shot by Mathew Barzal.
7:52 of 3rd period - Stopped by Jonathan Quick without a rebound.
7:53 of 3rd period - Joe Thornton wins face-off versus Nick Bonino in LOS ANGELES Kings zone.
8:41 of 3rd period - Icing by Tyler Toffoli.
8:42 of 3rd period - Paul Byron wins face-off versus Anze Kopitar in ANAHEIM Ducks zone.
9:03 of 3rd period - Shot by Paul Byron.
9:03 of 3rd period - Deflect By Justin Williams.
9:03 of 3rd period - Shot Misses the Net.
9:05 of 3rd period - Shot by Seth Jones.
9:05 of 3rd period - Goal by Seth Jones - ANAHEIM Ducks : 3 - LOS ANGELES Kings : 5.
9:06 of 3rd period - Kyle Brodziak wins face-off versus Mathew Barzal in neutral zone.
9:19 of 3rd period - Mathew Barzal is hit by Stephen Johns and loses puck.
9:34 of 3rd period - Shot by Stephen Johns.
9:34 of 3rd period - Shot Misses the Net.
9:36 of 3rd period - Shot by Chris Wagner.
9:36 of 3rd period - Shot Misses the Net.
9:50 of 3rd period - Stephen Johns is hit by Jesper Fast and loses puck.
10:15 of 3rd period - Tyler Seguin is hit by Anze Kopitar and loses puck.
12:07 of 3rd period - Icing by Matt Cullen.
12:08 of 3rd period - Kyle Brodziak wins face-off versus Mathew Barzal in ANAHEIM Ducks zone.
13:06 of 3rd period - Shot by Mark Stone.
13:06 of 3rd period - Shot Blocked by Jack Johnson.
13:08 of 3rd period - Shot by Jakob Silfverberg.
13:08 of 3rd period - Shot Misses the Net.
13:22 of 3rd period - Shot by Anze Kopitar.
13:22 of 3rd period - Stopped by Cam Talbot with a rebound.
13:24 of 3rd period - Shot by Anze Kopitar.
13:24 of 3rd period - Shot Misses the Net.
13:26 of 3rd period - Shot by Jakob Silfverberg.
13:26 of 3rd period - Stopped by Cam Talbot without a rebound.
13:27 of 3rd period - Mitchell Marner wins face-off versus Tyler Seguin in ANAHEIM Ducks zone.
13:32 of 3rd period - Icing by Seth Jones.
13:33 of 3rd period - Tyler Seguin wins face-off versus Nick Bonino in ANAHEIM Ducks zone.
14:10 of 3rd period - Shot by Mitchell Marner.
14:10 of 3rd period - Stopped by Cam Talbot without a rebound.
14:11 of 3rd period - Tyler Toffoli wins face-off versus Anze Kopitar in ANAHEIM Ducks zone.
14:20 of 3rd period - Tyler Toffoli is hit by Danny DeKeyser and loses puck.
14:25 of 3rd period - Shot by Justin Williams.
14:25 of 3rd period - Shot Misses the Net.
14:51 of 3rd period - Shot by Paul Byron.
14:51 of 3rd period - Stopped by Jonathan Quick without a rebound.
14:52 of 3rd period - Nick Bonino wins face-off versus Tyler Seguin in LOS ANGELES Kings zone.
15:17 of 3rd period - Shot by John Carlson.
15:17 of 3rd period - Shot Misses the Net.
15:47 of 3rd period - Icing by John Carlson.
15:48 of 3rd period - Anze Kopitar wins face-off versus Tyler Seguin in ANAHEIM Ducks zone.
16:16 of 3rd period - Shot by Mark Stone.
16:16 of 3rd period - Shot Misses the Net.
16:18 of 3rd period - Shot by Drew Doughty.
16:18 of 3rd period - Shot Misses the Net.
16:20 of 3rd period - Shot by Jakob Silfverberg.
16:20 of 3rd period - Stopped by Cam Talbot without a rebound.
16:21 of 3rd period - Kyle Brodziak wins face-off versus Joe Thornton in ANAHEIM Ducks zone.
16:30 of 3rd period - Shot by Chris Wagner.
16:30 of 3rd period - Deflect By Kyle Brodziak.
16:30 of 3rd period - Stopped by Cam Talbot without a rebound.
16:31 of 3rd period - Nick Bonino wins face-off versus Joe Thornton in ANAHEIM Ducks zone.
16:34 of 3rd period - Shot by Jonathan Huberdeau.
16:34 of 3rd period - Stopped by Cam Talbot without a rebound.
16:35 of 3rd period - Joe Thornton wins face-off versus Anze Kopitar in ANAHEIM Ducks zone.
18:17 of 3rd period - Matt Cullen is hit by Mitchell Marner and loses puck.
19:16 of 3rd period - Shot by Chris Wagner.
19:16 of 3rd period - Stopped by Cam Talbot without a rebound.
19:17 of 3rd period - Anze Kopitar wins face-off versus Joe Thornton in ANAHEIM Ducks zone.
19:24 of 3rd period - Shot by Mark Stone.
19:24 of 3rd period - Stopped by Cam Talbot with a rebound.
19:26 of 3rd period - Shot by Karl Alzner.
19:26 of 3rd period - Shot Blocked by Alexander Edler.
19:30 of 3rd period - Shot by Anze Kopitar.
19:30 of 3rd period - Deflect By Jakob Silfverberg.
19:30 of 3rd period - Shot Misses the Net.
19:32 of 3rd period - Shot by Mark Stone.
19:32 of 3rd period - Shot Misses the Net.
19:36 of 3rd period - Shot by Mark Stone.
19:36 of 3rd period - Stopped by Cam Talbot without a rebound.
19:37 of 3rd period - Scottie Upshall wins face-off versus Tyler Toffoli in ANAHEIM Ducks zone.
19:38 of 3rd period - Shot by Anze Kopitar.
19:38 of 3rd period - Stopped by Cam Talbot without a rebound.
19:39 of 3rd period - Joe Thornton wins face-off versus Anze Kopitar in ANAHEIM Ducks zone.
Goals for this period are 1 for ANAHEIM Ducks vs 0 for LOS ANGELES Kings.
Shots for this period are 6 for ANAHEIM Ducks vs 11 for LOS ANGELES Kings.